 Dungeon Crawl Stone Soup version 0.29.1-1-gd02db6906a (webtiles) character file.

Game seed: 13328742422907241854

197 avis the Shooter (level 5, 0/42 HPs)
             Began as a Demigod Hunter on Sept 26, 2022.
             Slain by Pikel
             ... wielding a +1 whip of flaming
              (5 damage)
             ... on level 3 of the Dungeon.
             The game lasted 00:17:48 (3762 turns).

avis the Shooter (Demigod Hunter)                   Turns: 3762, Time: 00:17:50

Health: 0/42       AC:  3    Str: 12    XL:     5   Next: 22%
Magic:  7/7        EV: 12    Int: 11    God:
Gold:   187        SH:  0    Dex: 21    Spells: 4/4 levels left

rFire   . . .      SeeInvis .   a - +0 shortbow
rCold   . . .      Faith    .   (shield currently unavailable)
rNeg    + . .      Spirit   .   c - +0 leather armour
rPois   .          Reflect  .   (no helmet)
rElec   .          Harm     .   (no cloak)
rCorr   .          Rampage  .   (no gloves)
Will    .....                   (no boots)
Stlth   ++........              r - amulet of the acrobat
HPRegen 0.14/turn               g - ring of positive energy
MPRegen 0.10/turn               (no ring)

@: no status effects
A: high MP 1, forlorn, divine attributes
a: no special abilities


You were on level 3 of the Dungeon.
You visited 1 branch of the dungeon, and saw 4 of its levels.

You collected 187 gold pieces.

Inventory:

Hand Weapons
 a - a +0 shortbow (weapon)
 b - a +0 falchion
 e - a +0 short sword
Missiles
 i - 3 poisoned darts
Armour
 c - a +0 leather armour (worn)
 q - a +0 buckler
Jewellery
 g - a ring of positive energy (left hand)
 r - an amulet of the acrobat (around neck)
 s - a ring of fire
Scrolls
 d - 2 scrolls of torment {unknown}
 f - a scroll of poison {unknown}
 h - 2 scrolls of identify {unknown}
 k - 2 scrolls of fog {unknown}
 l - a scroll of amnesia {unknown}
 m - 2 scrolls of enchant weapon {unknown}
 o - a scroll of brand weapon {unknown}
 p - 3 scrolls of immolation
Potions
 j - a potion of degeneration {unknown}
 n - a potion of flight {unknown}


   Skills:
 + Level 2.4 Fighting
 * Level 5.6 Ranged Weapons
 - Level 2.0 Dodging
 - Level 2.0 Stealth


You had 4 spell levels left.
You didn't know any spells.
Your spell library contained the following spells:

 Spells                   Type           Power      Damage    Failure   Level
 Sandblast                Erth           0%         2d4       41%         1


Dungeon Overview and Level Annotations

Branches:
Dungeon (4/15)
 Temple: D:4-7

Annotations:
D:3 Pikel


Innate Abilities, Weirdness & Mutations

You have an increased reservoir of magic. (+10% MP)
You shall have no god before yourself.
Your divine heritage dramatically boosts your attributes as you level up.


Message History

Press: ? - help, Q - select action, (/) - cycle Shift-Dir - straight line, f - Pikel
Aim: Pikel, wielding a +1 whip of flaming, wearing a +2 robe of cold resistance and carrying a wand of flame (21) (59% to hit)
You shoot an arrow. The arrow barely misses Pikel.
The lemure shouts!
Pikel zaps a wand.
The puff of flame hits you.
Fire: a) +0 shortbow
Press: ? - help, Q - select action, (/) - cycle Shift-Dir - straight line, f/p - Pikel
Aim: Pikel, wielding a +1 whip of flaming, wearing a +2 robe of cold resistance and carrying a wand of flame (20) (59% to hit)
You shoot an arrow.
The arrow hits Pikel but does no damage.
Pikel zaps a wand.
The puff of flame hits you.
Fire: a) +0 shortbow
Press: ? - help, Q - select action, (/) - cycle Shift-Dir - straight line, f/p - Pikel
Aim: Pikel, wielding a +1 whip of flaming, wearing a +2 robe of cold resistance and carrying a wand of flame (19) (59% to hit)
You shoot an arrow. The arrow misses Pikel.
Unknown command.
Fire: a) +0 shortbow
Press: ? - help, Q - select action, (/) - cycle Shift-Dir - straight line, f/p - Pikel
Aim: Pikel, wielding a +1 whip of flaming, wearing a +2 robe of cold resistance and carrying a wand of flame (19) (59% to hit)
You shoot an arrow. The arrow closely misses Pikel.
Pikel hits you with a +1 whip of flaming!
Pikel burns you.
You climb upwards.
There is a stone staircase leading down here.
Fire: a) +0 shortbow
Press: ? - help, Q - select action, (/) - cycle Shift-Dir - straight line, f - Pikel
Aim: Pikel, wielding a +1 whip of flaming, wearing a +2 robe of cold resistance and carrying a wand of flame (19) (59% to hit)
You shoot an arrow. The arrow closely misses Pikel.
Pikel closely misses you.
Fire: a) +0 shortbow
Press: ? - help, Q - select action, (/) - cycle Shift-Dir - straight line, f/p - Pikel
Aim: Pikel, wielding a +1 whip of flaming, wearing a +2 robe of cold resistance and carrying a wand of flame (19) (59% to hit)
You shoot an arrow. The arrow hits Pikel.
Pikel is lightly wounded.
Pikel hits you with a +1 whip of flaming.
Pikel burns you.
Pikel hits you with a +1 whip of flaming!
* * * LOW HITPOINT WARNING * * *
Pikel burns you.
You die...

#.###.###.###.#####
##########.###...###.......#
#..............###.###...####
..........####..#...#...#...##
##........# ##..............##
...####.#.########............#
.#.# #.#.......#.............#
...## #.####>...#.#...........#
....###....#...K@............##
..#..###..........###.......##
...#..>.........########.####
................##.......#
..........#.....##.......########
.#...........#..................#
.#.............###..............#
.#..............###.####........#
.#................).# #........#


You could see Pikel.

Vanquished Creatures
  A lemure (D:3)
  Natasha (thrice) (D:2)
  An orc wizard (D:3)
  An adder (D:3)
  2 worms
  2 dart slugs
  5 orcs (D:3)
  4 endoplasms
  A giant cockroach (D:3)
  11 goblins
  13 hobgoblins
  3 jackals (D:3)
  5 kobolds
  4 ball pythons
  6 bats
  9 rats
  A bush (D:2)
72 creatures vanquished.

Vanquished Creatures (others)
  5 fungi (D:2)
  4 plants (D:2)
9 creatures vanquished.

Grand Total: 81 creatures vanquished

Notes
Turn   | Place    | Note
-------+----------+-------------------------------------------
     0 | D:1      | avis the Demigod Hunter began the quest for the Orb.
     0 | D:1      | Reached XP level 1. HP: 17/17 MP: 3/3
   352 | D:1      | Reached skill level 4 in Ranged Weapons
   352 | D:1      | Reached XP level 2. HP: 24/24 MP: 4/4
   796 | D:2      | Noticed Natasha
  1133 | D:2      | Got Plato's Almanac of Minerals
  1362 | D:2      | Killed Natasha
  1363 | D:2      | Reached XP level 3. HP: 22/29 MP: 5/5
  1564 | D:2      | Reached skill level 1 in Stealth
  1921 | D:2      | Noticed Natasha
  1929 | D:2      | Killed Natasha
  1930 | D:2      | Reached skill level 5 in Ranged Weapons
  1930 | D:2      | Reached XP level 4. HP: 35/36 MP: 6/6
  1992 | D:2      | Noticed Natasha
  2002 | D:2      | Killed Natasha
  3135 | D:3      | Reached XP level 5. HP: 30/42 MP: 7/7
  3533 | D:4      | Noticed Pikel
  3762 | D:3      | Slain by Pikel

Illustrated notes

Levels and vault maps discovered:
D:1:      shiori_shiawase, layout_rooms, minmay_bisected
D:2:      layout_basic, serial_forest, infiniplex_forest_straight_2,
          infiniplex_forest_straight_3, infiniplex_forest_split,
          infiniplex_forest_clump_long, infiniplex_forest_end_1,
          infiniplex_forest_lined_room_3, infiniplex_forest_straight_2,
          shapermc_ecumenical_altar_rom_forum, basic_altar, minivault_14,
          minmay_misc_feat_enclosed, minmay_goblin_outpost, uniq_natasha
D:3:      layout_rooms, lemuel_crystal_altar, hangedman_abyss_or_decor_stabs,
          minmay_misc_feat_tiny, minmay_between
D:4:      layout_rooms, evilmike_ruin_ashenzari, cheibriados_altar_1,
          grunt_qazlal_sundering, uniq_pikel

Skill      XL: |  1  2  3  4 |
---------------+-------------+-----
Fighting       | 2 |  2.4
Ranged Weapons | 4 5 |  5.6
Dodging        | 2 |  2.0
Stealth        | 1 2 |  2.0

Action                   |  1- 3 |  4- 6 || total
-------------------------+-------+-------++-------
Melee: Short sword       |     3 |       ||     3
       Falchion          |       |    66 ||    66
       Shortbow          |       |     3 ||     3
       Punch             |       |     1 ||     1
 Fire: Shortbow          |   120 |   118 ||   238
  Use: Potion            |       |     2 ||     2
Armor: Leather armour    |    12 |    13 ||    25
Dodge: Dodged            |    22 |    61 ||    83
